 Dungeon Crawl Stone Soup version 0.25-a0-505-gae4569222e (webtiles) character file.

Game seed: 9355632883316106753, levelgen mode: deterministic

1572 kae the Cleaver (level 8, -4/75 HPs)
             Began as a Minotaur Chaos Knight on Feb 14, 2020.
             Was a Plaything of Xom.
             Slain by Prince Ribbit (15 damage)
             ... on level 6 of the Dungeon.
             The game lasted 00:03:01 (4922 turns).

kae the Cleaver (Minotaur Chaos Knight)             Turns: 4922, Time: 00:03:01

Health: -4/75      AC:  7    Str: 19      XL:     8   Next: 59%
Magic:  7/7        EV: 11    Int: 13      God:    Xom [......]
Gold:   285        SH:  0    Dex:  9 (10) Spells: 7/7 levels left

rFire    . . .     SeeInvis +   a - +0 hand axe (chaos)
rCold    . . .     Gourm    .   (no shield)
rNeg     . . .     Faith    .   b - +2 leather armour
rPois    .         Spirit   .   e - +1 hat {SInv}
rElec    .         Reflect  .   (no cloak)
rCorr    .         Harm     .   s - +0 pair of gloves of Infinity {+Fly Regen+ Int+4} (curse)
MR       .....                  (no boots)
Stlth    +.........             (no amulet)
HPRegen  0.62/turn              (no ring)
MPRegen  0.10/turn              (no ring)

@: no status effects
A: retaliatory headbutt, horns 2
a: Renounce Religion, Evoke Flight


You were on level 6 of the Dungeon.
You worshipped Xom.
You were a very special plaything of Xom.
You were not hungry.

You visited 1 branch of the dungeon, and saw 6 of its levels.

You collected 285 gold pieces.

Inventory:

Hand Weapons
 a - a +0 hand axe of chaos (weapon)
Armour
 b - a +2 leather armour (worn)
 e - a +1 hat of see invisible (worn)
 s - the cursed +0 pair of gloves of Infinity (worn) {+Fly Regen+ Int+4}
   (You found it on level 5 of the Dungeon)

   It affects your intelligence (+4).
   It lets you fly.
   It increases your rate of regeneration.
   If you remove this armour, your AC will decrease by 1 (7 -> 6).
   It has a curse placed upon it.
Jewellery
 g - an uncursed amulet of magic regeneration
 t - an uncursed ring of fire {unknown}
 u - a +4 ring of intelligence {unknown}
Scrolls
 d - 2 scrolls of teleportation
 h - 3 scrolls of remove curse
 j - 7 scrolls of identify
 l - a scroll of magic mapping {unknown}
 m - a scroll of random uselessness {unknown}
 o - a scroll of vulnerability {unknown}
 r - a scroll of fear {unknown}
Potions
 f - a potion of heal wounds
 i - a potion of curing
 k - a potion of flight
 n - 2 potions of brilliance {unknown}
 p - a potion of agility
 q - a potion of mutation {unknown}
Comestibles
 c - 16 rations


   Skills:
 + Level 8.3 Fighting
 * Level 11.0 Axes
 - Level 2.4 Armour
 - Level 1.1 Dodging


You had 7 spell levels left.
You didn't know any spells.
Your spell library contained the following spells:

 Spells                   Type           Power        Failure   Level  Hunger
 Beastly Appendage        Tmut           #.....       36%         1    ##.....
 Sticks to Snakes         Tmut           #.......     50%         2    ###....
 Spider Form              Tmut/Pois      #.........   73%         3    ####...
 Ice Form                 Ice/Tmut       #.......     98%         4    #####..
 Blade Hands              Tmut           #.........   100%        5    ######.


Dungeon Overview and Level Annotations

Branches:
Dungeon (6/15)             Temple (0/1) D:4

Altars:
Dithmenos
Okawaru
Qazlal
Trog
Uskayaw

Annotations:
D:6 Prince Ribbit


Innate Abilities, Weirdness & Mutations

You reflexively headbutt those who attack you in melee.
You have a pair of horns on your head.


Message History

Prince Ribbit hits you but does no damage.
The orc wizard casts a spell at you. The magic dart hits you.
The orc warrior closely misses you.
You hit the orc wizard. You burn the orc wizard.
The orc wizard is moderately wounded.
You hit Prince Ribbit.
Prince Ribbit seems to slow down.
Prince Ribbit winks and puckers his lips.
Prince Ribbit hits you!
* * * LOW HITPOINT WARNING * * *
You barely miss the orc wizard. Your headbutt misses the orc wizard.
The orc wizard is moderately wounded.
You closely miss Prince Ribbit.
Prince Ribbit is no longer moving slowly.
The orc wizard casts a spell.
The orc wizard blinks!
The orc warrior hits you from afar with a +0 trident.
* * * LOW HITPOINT WARNING * * *
Prince Ribbit hits you!
You die...
Xom roars with laughter!

##.##.[.... #..
##...>..## #..
#.####.## ###..###
#.# #... ....o.## #.#
##... #.....## #.#
#..##
##..o...#####.###.##
#..F§...o...#.##...##
#@...............#
##.......####[....
##.....÷# #.....
#..###..# ##.### #.##
##.# #.### #.. #.#
###..## ....
#.###...#.. .###.
###.....###.. . #.
#.....#####..


You could see Prince Ribbit, an orc warrior, an orc wizard and an orc.

Vanquished Creatures
  A two-headed ogre (D:6)
  2 ice beasts
  3 ogres
  2 bullfrogs (D:6)
  A scorpion (D:6)
  A crimson imp (D:5)
  A bullfrog zombie (D:5)
  A centaur zombie (D:6)
  A centaur skeleton (D:6)
  2 hounds (D:4)
  A jelly (D:5)
  A bullfrog skeleton (D:5)
  An iguana (D:6)
  2 orc wizards
  2 worker ants
  A howler monkey zombie (D:5)
  3 gnolls (D:6)
  8 adders
  4 oozes
  An adder zombie (D:6)
  A worm (D:3)
  5 dart slugs
  5 leopard geckos
  16 orcs
  5 giant cockroaches
  4 goblins
  5 hobgoblins
  3 jackals (D:1)
  4 quokkas
  A ball python (D:1)
  6 bats
  5 frilled lizards
  11 kobolds
  9 rats
119 creatures vanquished.

Vanquished Creatures (others)
  An orc priest (D:4)
  2 plants (D:3)
3 creatures vanquished.

Grand Total: 122 creatures vanquished

Notes
Turn   | Place    | Note
-------+----------+-------------------------------------------
     0 | D:1      | kae the Minotaur Chaos Knight began the quest for the Orb.
     0 | D:1      | Reached XP level 1. HP: 19/19 MP: 0/0
    85 | D:1      | XOM: harmless Chrm miscast
    91 | D:1      | Reached skill level 4 in Axes
    93 | D:1      | XOM: silly message
   108 | D:1      | XOM: potion effect (haste)
   117 | D:1      | Reached XP level 2. HP: 27/27 MP: 1/1
   173 | D:1      | XOM: divination: magic mapping
   276 | D:1      | XOM: divination: detect creatures
   702 | D:2      | Reached XP level 3. HP: 33/33 MP: 2/2
   847 | D:2      | Reached skill level 5 in Axes
   890 | D:2      | Found a hide-covered altar of Uskayaw.
  1045 | D:2      | Reached XP level 4. HP: 41/41 MP: 3/3
  1090 | D:2      | XOM: harmless Summ miscast
  1263 | D:2      | Found a bloodstained altar of Trog.
  1501 | D:3      | Noticed an ogre
  1505 | D:3      | XOM: divination: detect creatures
  1524 | D:3      | Killed an ogre
  1524 | D:3      | Reached skill level 5 in Fighting
  1524 | D:3      | Reached skill level 6 in Axes
  1524 | D:3      | Reached XP level 5. HP: 15/48 MP: 4/4
  2146 | D:3      | Found a shadowy altar of Dithmenos.
  2183 | D:3      | XOM: god gift: hand crossbow {god gift}
  2350 | D:3      | XOM: harmless Necr miscast
  2711 | D:4      | Found a staircase to the Ecumenical Temple.
  2734 | D:4      | Reached skill level 7 in Axes
  2734 | D:4      | Reached XP level 6. HP: 56/56 MP: 5/5
  3043 | D:4      | XOM: blink monster(s)
  3137 | D:5      | Entered Level 5 of the Dungeon
  3362 | D:5      | Reached skill level 8 in Axes
  3398 | D:5      | Noticed an ice beast
  3407 | D:5      | Killed an ice beast
  3407 | D:5      | Reached XP level 7. HP: 35/64 MP: 6/6
  3667 | D:5      | Reached skill level 9 in Axes
  3896 | D:5      | Got a pair of smoking gloves
  3902 | D:5      | Identified the cursed +0 pair of gloves of Infinity {+Fly
                  | Regen+ Int+4} (You found it on level 5 of the Dungeon)
  4116 | D:5      | XOM: god gift: 24 gold pieces
  4173 | D:5      | Found an iron altar of Okawaru.
  4195 | D:5      | XOM: 5-stop teleportation journey
  4435 | D:6      | Reached XP level 8. HP: 50/73 MP: 7/7
  4497 | D:6      | Noticed an air elemental
  4499 | D:6      | Found a stormy altar of Qazlal.
  4563 | D:6      | XOM: medium Ice miscast
  4669 | D:6      | Noticed a two-headed ogre
  4669 | D:6      | XOM: confusion
  4672 | D:6      | XOM: cast spell 'Death Channel'
  4678 | D:6      | Killed a two-headed ogre
  4678 | D:6      | Reached skill level 10 in Axes
  4874 | D:6      | XOM: blink monster(s)
  4874 | D:6      | Noticed Prince Ribbit
  4895 | D:6      | XOM: stat loss: -1 Dex (9/10)
  4905 | D:6      | XOM: noise
  4909 | D:6      | Reached skill level 11 in Axes
  4913 | D:6      | XOM: noise
  4922 | D:6      | Slain by Prince Ribbit

Levels and vault maps discovered:
D:1:      eino_arrival_cavern_b, layout_basic, minmay_door_square
D:2:      wander_river, layout_basic, lightli_temple_of_fire,
          eat_drink_and_be_merry_uskayaw
D:3:      layout_loops_ring, lemuel_crystal_altar, saegor_snake_ambush
D:4:      layout_loops_ring, minmay_temple_entry_purple_smoke, first_ration
D:5:      layout_basic, kennysheep_mini
D:6:      layout_layer_cave, fiery_altar_vehumet,
          nicolae_qazlal_style_of_elements, uniq_prince_ribbit1

Skill      XL: |  1  2  3  4  5  6  7  8 |
---------------+-------------------------+-----
Axes           | 4 5 6 7 8 9 11 | 11.0
Fighting       | 4 5 6 7 8 |  8.3
Armour         | |  2.4
Dodging        | |  1.1

Action                   |  1- 3 |  4- 6 |  7- 9 || total
-------------------------+-------+-------+-------++-------
Melee: Hand axe          |    98 |   155 |    87 ||   340
       Headbutt          |    14 |    20 |    20 ||    54
  Use: Scroll            |     5 |     2 |       ||     7
       Potion            |       |     2 |       ||     2
 Stab: Paralysed         |     1 |     2 |       ||     3
       Petrified         |     1 |       |       ||     1
       Petrifying        |       |       |     1 ||     1
  Eat: Chunk             |       |     8 |     5 ||    13
Armor: Leather armour    |    28 |    37 |    30 ||    95
Dodge: Dodged            |    55 |    79 |    46 ||   180

Table legend:
 A = Non-vault XP
 B = Vault XP
 C = Vault XP percentage of total XP
 D = Non-vault monster count
 E = Vault monster count
 F = Vault count percentage of total count
                 A         B        C        D         E       F
            +---------+---------+-------+---------+---------+-------
      Total |    2234 |      13 |   0.6 |     119 |       1 |   0.8
            +---------+---------+-------+---------+---------+-------
        D:1 |      38 |       0 |   0.0 |      20 |       0 |   0.0
        D:2 |      72 |       0 |   0.0 |      28 |       0 |   0.0
        D:3 |     202 |      13 |   6.0 |      26 |       1 |   3.7
        D:4 |     200 |       0 |   0.0 |      10 |       0 |   0.0
        D:5 |     691 |       0 |   0.0 |      19 |       0 |   0.0
        D:6 |    1031 |       0 |   0.0 |      16 |       0 |   0.0
            +---------+---------+-------+---------+---------+-------
